 Dungeon Crawl Stone Soup version 0.26-a0-597-gb535b0901c (webtiles) character file.

Game seed: 8666325471264950812

(classic levelgen) 130427 EnegeticOcto the Champion of Chaos (level 16, -7/152 HPs)
             Began as a Deep Dwarf Fighter on Sept 2, 2020.
             Was the Champion of Makhleb.
             Mangled by an emperor scorpion (27 damage)
             ... on level 4 of the Spider Nest.
             The game lasted 00:11:29 (14463 turns).

EnegeticOcto the Champion of Chaos (DDFi)          Turns: 14463, Time: 00:11:29

Health: -7/152     AC: 29    Str: 25      XL:     16   Next: 53%
Magic:  2/21       EV:  7    Int: 10 (11) God:    Makhleb [******]
Gold:   2134       SH: 14    Dex: 12      Spells: 15/15 levels left

rFire    . . .     SeeInvis .   i - +7 Singing Sword {vorpal, sonic wave}
rCold    + . .     Faith    .   c - +0 kite shield
rNeg     + . .     Spirit   .   o - +2 plate armour {rC+}
rPois    +         Reflect  .   m - +2 helmet
rElec    .         Harm     .   t - +2 cloak
rCorr    +                      (no gloves)
MR       ++...                  z - +2 pair of boots {rampage}
Stlth    ..........             D - amulet of the acrobat
HPRegen  0.00/turn              n - ring of poison resistance
MPRegen  0.17/turn              y - ring of resist corrosion

@: lethally poisoned (-7 -> -7), non-regenerating
A: damage resistance, heal wounds, negative energy resistance 1, sense
surroundings 2, no regeneration
a: Heal Wounds, Minor Destruction, Lesser Servant of Makhleb, Major Destruction,
Greater Servant of Makhleb, Renounce Religion


You were on level 4 of the Spider Nest.
You worshipped Makhleb.
Makhleb was exalted by your worship.
You visited 4 branches of the dungeon, and saw 24 of its levels.
You also visited: Ice Cave and Volcano.

You collected 2713 gold pieces.
You spent 579 gold pieces at shops.

Inventory:

Hand Weapons
 a - a +1 war axe of venom
 i - the +7 Singing Sword (weapon) {vorpal, sonic wave}
   (You found it on level 11 of the Dungeon)

   It inflicts extra damage upon your enemies.
 r - the +8 hand axe of Demand {drain, Int+3}
   (You found it on level 9 of the Dungeon)

   A truly terrible weapon, it drains the life of those it strikes.
   It affects your intelligence (+3).
Missiles
 C - 4 throwing nets (quivered)
Armour
 c - a +0 kite shield (worn)
 m - a +2 helmet (worn)
 o - a +2 plate armour of cold resistance (worn)
 t - a +2 cloak (worn)
 z - a +2 pair of boots of rampaging (worn)
Jewellery
 b - an uncursed amulet of reflection
 n - a ring of poison resistance (left hand)
 v - an uncursed ring of protection from fire
 y - a ring of resist corrosion (right hand)
 D - an amulet of the acrobat (around neck)
Wands
 x - a wand of polymorph (6)
 A - a wand of paralysis (24)
 H - a wand of acid (7) {@v1}
 K - a wand of digging (6) {@v3}
 M - a wand of iceblast (5) {@v2}
Scrolls
 e - 3 scrolls of enchant weapon
 f - 4 scrolls of magic mapping {@r5}
 j - 2 scrolls of immolation {@r4}
 k - 12 scrolls of remove curse {@r2}
 p - 6 scrolls of teleportation {@r3}
 s - 5 scrolls of fear
 E - a scroll of summoning
 F - 6 scrolls of enchant armour
 G - 8 scrolls of identify {@r1}
 I - 2 scrolls of blinking
 J - 4 scrolls of fog
Potions
 d - 6 potions of might {@q3}
 g - 5 potions of curing {@q1}
 h - 3 potions of cancellation
 l - 3 potions of invisibility
 q - 5 potions of flight
 u - 3 potions of lignification {@q7}
 w - 4 potions of heal wounds {@q2}
 B - 6 potions of stabbing {@q5}
 N - a potion of resistance {@q6}
 O - a potion of ambrosia {unknown}
 P - 2 potions of berserk rage
 Q - 2 potions of haste {@q4}
Miscellaneous
 L - a tin of tremorstones (3/3)


   Skills:
 + Level 11.7 Fighting
 * Level 13.4 Long Blades
 - Level 12.2 Axes
 + Level 13.6 Armour
 + Level 13.6 Shields
 + Level 14.8 Invocations
 + Level 7.2 Evocations


You had 15 spell levels left.
You didn't know any spells.
Your spell library was empty.

Dungeon Overview and Level Annotations

Branches:
Dungeon (12/15)            Temple (0/1) D:5            Lair (6/6) D:9
 Shoals (0/4) Lair:2       Spider (4/4) Lair:3        Slime (0/5) Lair:6
    Orc (2/2) D:11            Elf (0/3) Orc:2         IceCv (visited)
Volcano (visited)

Altars:
Elyvilon
Gozag
Kikubaaqudgha
Makhleb
Okawaru
Qazlal
Trog
Uskayaw
Wu Jian
Yredelemnul
Beogh
Jiyva

Shops:
D:5 }   Orc:2 [[=*(

Annotations:
D:7 3 runed translucent doors, HoaS's ghost, novice FoFi
Lair:3 2 transporters, exclusion: 2 oklob plants, Lanoc's ghost, journeyman MfMo


Innate Abilities, Weirdness & Mutations

You are resistant to damage.
You can heal yourself by infusing magical energy.
You resist negative energy. (rN+)
You passively map the area around you.
You do not regenerate.


Message History

The emperor scorpion is almost dead.
The demonic crawler is almost dead.
The demonic crawler is heavily wounded.
The moth of wrath is severely wounded.
The emperor scorpion is almost dead. x2
You hear an angry hiss.
You block the emperor scorpion's attack.
The emperor scorpion claws you.
The emperor scorpion claws you but does no damage.
The demonic crawler closely misses you.
The demonic crawler hits you but does no damage.
You block the demonic crawler's attack. The emperor scorpion stings you.
You are poisoned.
The emperor scorpion poisons you! The emperor scorpion claws you. x2
The demonic crawler barely misses you. You block the demonic crawler's attack.
The demonic crawler hits you but does no damage.
The emperor scorpion stings you but does no damage.
The emperor scorpion claws you but does no damage. x2
You slash the emperor scorpion!
You kill the emperor scorpion!
Makhleb accepts your kill.
You feel better.
You feel sick.
The emperor scorpion stings you but does no damage.
The emperor scorpion claws you. x2; You block the demonic crawler's attack. x3
The demonic crawler hits you but does no damage.
The demonic crawler completely misses you.
You block the demonic crawler's attack.
You closely miss the emperor scorpion.
The emperor scorpion is almost dead.
You feel sick.
You block the emperor scorpion's attack.
The emperor scorpion claws you but does no damage.
You block the emperor scorpion's attack.
The demonic crawler hits you but does no damage. x5
You block the demonic crawler's attack.
You block the emperor scorpion's attack.
The emperor scorpion claws you. The emperor scorpion barely misses you.
You hit the emperor scorpion.
The emperor scorpion is almost dead.
You feel sick.
The demonic crawler hits you but does no damage. x2
The demonic crawler hits you. The emperor scorpion stings you!!
The emperor scorpion claws you but does no damage. x2
You block the demonic crawler's attack.
The demonic crawler completely misses you.
You block the demonic crawler's attack.
You barely miss the emperor scorpion.
The emperor scorpion is almost dead.
You feel sick. You block the demonic crawler's attack.
The demonic crawler closely misses you.
The demonic crawler hits you but does no damage.
The emperor scorpion stings you but does no damage.
The emperor scorpion claws you. The emperor scorpion barely misses you.
You block the demonic crawler's attack. The demonic crawler barely misses you.
The demonic crawler completely misses you.
You hit the emperor scorpion but do no damage.
The emperor scorpion is almost dead.
You feel sick. The emperor scorpion stings you!!
The emperor scorpion claws you but does no damage. x2
You block the demonic crawler's attack.
The demonic crawler hits you but does no damage. x3
You block the demonic crawler's attack. x2; The emperor scorpion stings you!!
* * * LOW HITPOINT WARNING * * *
The emperor scorpion claws you but does no damage.
You block the emperor scorpion's attack.
The demonic crawler hits you but does no damage.
The demonic crawler closely misses you.
The demonic crawler hits you but does no damage.
You hear an angry hiss.
You are too injured to fight recklessly!
You are too injured to fight recklessly!
You are too injured to fight recklessly!
You are too injured to fight recklessly!
You are too injured to fight recklessly!
You are too injured to fight recklessly!
You are too injured to fight recklessly!
You are too injured to fight recklessly!
You are too injured to fight recklessly!
You are too injured to fight recklessly!
You are too injured to fight recklessly!
You are too injured to fight recklessly!
You are too injured to fight recklessly!
You are too injured to fight recklessly!
You are too injured to fight recklessly!
You are too injured to fight recklessly!
You are too injured to fight recklessly!
You are too injured to fight recklessly!
You are too injured to fight recklessly!
You are too injured to fight recklessly!
You are too injured to fight recklessly!
You are too injured to fight recklessly!
You are too injured to fight recklessly!
You are too injured to fight recklessly!
You are too injured to fight recklessly!
You are too injured to fight recklessly!
You are too injured to fight recklessly!
You are too injured to fight recklessly!
You fail to use your ability.
You feel sick. The demonic crawler closely misses you.
You block the demonic crawler's attack. The demonic crawler hits you.
The emperor scorpion stings you!!
You die...

* ##..## * ^ , , *
*, #....# * ≈ ** ,
##..## , * , *
#..†≈# * ≈ * ,
#####^.## , *
≈,≈#.##.††^# * *
##^^,##≈.#†##≈#.. *
#≈..≈#†^s.≈..††$..
,
#...†^†@sy.......^,
#...≈#.^s^...†.^^.#
##..^##^^#^##.#≈.##
* # ≈ ####...^##.#≈
≈** ,≈* ##..##* # ,
* * *,..≈# , * **
^* * **..##* * ^ *,
, , , ^ ,, * ,, * *


You could see an emperor scorpion (berserk), 2 demonic crawlers and a moth of
wrath.

Vanquished Creatures
  Arachne (Spider:3)
  Gastronok (D:9)
  Kirke (Lair:4)
  6 emperor scorpions
  3 ghost moths
  4 entropy weavers
  A stone giant (Orc:1)
  3 spark wasps
  Harold (D:11)
  3 hydras
  Erica (D:8)
  A catoblepas (Lair:6)
  A two-headed ogre (Orc:2)
  6 death yaks (Lair:6)
  A deep troll shaman (Lair:6)
  5 orc high priests
  2 skeletal warriors (Volcano)
  An unseen horror (D:11)
  7 orc knights
  Pikel (D:6)
  An anaconda skeleton (Volcano)
  A lindwurm (Lair:6)
  4 ugly things
  15 orb spiders
  4 orc sorcerers (Orc:2)
  A centaur zombie (D:12)
  17 wolf spiders
  A manticore (Lair:2)
  A moth of wrath (Spider:2)
  8 black mambas
  11 elephants
  3 ice statues (IceCv)
  6 gargoyles
  5 cane toads
  4 rime drakes
  5 komodo dragons
  9 demonic crawlers
  3 trolls (D:11)
  3 harpy skeletons (Volcano)
  28 jumping spiders
  9 hornets
  9 blink frogs
  2 polar bears
  10 hippogriffs
  3 flying skulls (Volcano)
  A shadow (D:11)
  An alligator skeleton (Volcano)
  78 redbacks
  38 yaks
  28 tarantellas
  A water elemental (D:11)
  2 wyverns (D:11)
  Grum (D:9)
  A basilisk (D:12)
  7 hogs (Lair:4)
  10 water moccasins
  22 wargs
  8 porcupines
  37 orc warriors
  6 ice beasts (IceCv)
  5 sky beasts
  2 black bears
  A hornet zombie (D:4)
  A necrophage (D:9)
  2 phantoms
  18 wolves
  15 ogres
  11 centaurs
  10 crocodiles
  3 lemures (D:6)
  A big kobold (D:10)
  12 bullfrogs
  2 gnoll sergeants
  11 scorpions
  A water moccasin skeleton (D:11)
  6 killer bees (D:11)
  3 howler monkeys
  4 troll skeletons (Volcano)
  4 wights (D:10)
  4 electric eels (D:11)
  3 vampire bats (D:7)
  A spriggan skeleton (Volcano)
  2 bullfrog zombies
  10 hounds
  28 orc priests
  A centaur skeleton (D:11)
  A jelly (D:6)
  35 orc wizards
  Crazy Yiuf (D:4)
  Natasha (thrice) (D:3)
  2 bullfrog skeletons
  4 iguanas
  5 hell rats (Lair:5)
  11 worker ants
  A naga skeleton (Volcano)
  3 hound skeletons
  A howler monkey zombie (D:7)
  15 gnolls
  13 adders
  3 shadow imps
  4 white imps
  3 ufetubi
  3 adder skeletons
  2 worms
  A dart slug (D:4)
  3 leopard geckos
  101 orcs
  3 bat skeletons (D:7)
  3 bat zombies (D:7)
  6 giant cockroaches
  5 goblins
  6 hobgoblins
  4 jackals (D:6)
  8 kobolds
  A quokka (D:12)
  A ball python (D:2)
  14 bats
  4 frilled lizards
  5 rats
890 creatures vanquished.

Vanquished Creatures (collateral kills)
  2 hydras
2 creatures vanquished.

Vanquished Creatures (others)
  A quokka (D:7)
  61 fungi
  94 plants
156 creatures vanquished.

Grand Total: 1048 creatures vanquished

Notes
Turn   | Place    | Note
-------+----------+-------------------------------------------
     0 | D:1      | EnegeticOcto the Deep Dwarf Fighter began the quest for the
                  | Orb.
     0 | D:1      | Reached XP level 1. HP: 20/20 MP: 1/1
    98 | D:1      | Reached XP level 2. HP: 21/27 MP: 2/2
   224 | D:2      | Reached XP level 3. HP: 25/33 MP: 3/3
   361 | D:3      | Noticed Natasha
   371 | D:3      | Killed Natasha
   371 | D:3      | Reached XP level 4. HP: 22/42 MP: 4/4
   396 | D:3      | Found a faded altar of an unknown god.
   565 | D:3      | Noticed Natasha
   573 | D:3      | Killed Natasha
   593 | D:3      | Noticed Natasha
   607 | D:3      | Killed Natasha
   607 | D:3      | Reached XP level 5. HP: 38/49 MP: 5/5
   691 | D:4      | Reached XP level 6. HP: 26/57 MP: 6/6
   757 | D:4      | Reached skill level 5 in Axes
   805 | D:4      | Reached XP level 7. HP: 64/64 MP: 6/6
   872 | D:4      | Reached skill level 5 in Armour
   872 | D:4      | Reached skill level 5 in Shields
   878 | D:4      | Found a burning altar of Makhleb.
   923 | D:4      | Found an opulent altar of Gozag.
   957 | D:4      | Became a worshipper of Makhleb the Destroyer
  1255 | D:4      | Found a runed translucent door.
  1256 | D:4      | Noticed Crazy Yiuf
  1266 | D:4      | Killed Crazy Yiuf
  1332 | D:5      | Entered Level 5 of the Dungeon
  1342 | D:5      | Reached skill level 1 in Invocations
  1496 | D:5      | Reached skill level 2 in Invocations
  1519 | D:5      | Found Xyophune's Gadget Boutique.
  1529 | D:5      | Reached XP level 8. HP: 31/73 MP: 7/7
  1604 | D:5      | Found a staircase to the Ecumenical Temple.
  1670 | D:5      | Found an iron altar of Okawaru.
  1838 | D:5      | Reached skill level 3 in Invocations
  2114 | D:6      | Noticed Pikel
  2119 | D:6      | Reached * piety under Makhleb
  2145 | D:6      | Killed Pikel
  2145 | D:6      | Reached skill level 5 in Fighting
  2145 | D:6      | Reached skill level 4 in Invocations
  2184 | D:6      | Noticed a hippogriff
  2207 | D:6      | Killed a hippogriff
  2207 | D:6      | Gained mutation: You passively map the area around you.
                  | [Deep Dwarf growth]
  2207 | D:6      | Reached XP level 9. HP: 48/81 MP: 9/9
  2343 | D:6      | Found a hide-covered altar of Uskayaw.
  2344 | D:6      | Noticed a +0 dagger
  2345 | D:6      | Noticed a +0 hand axe
  2638 | D:7      | Reached skill level 5 in Invocations
  2681 | D:7      | Reached ** piety under Makhleb
  2808 | D:7      | Found an ancient bone altar of Kikubaaqudgha.
  3058 | D:7      | Found a white marble altar of Elyvilon.
  3339 | D:7      | Noticed HoaS's ghost (novice FoFi)
  3371 | D:7      | Found a runed translucent gate.
  3371 | D:7      | Found a runed translucent gate.
  3371 | D:7      | Found a runed translucent gate.
  3482 | D:7      | Found an ornate altar of the Wu Jian Council.
  3624 | D:8      | Reached skill level 6 in Invocations
  3831 | D:8      | Noticed Erica
  3860 | D:8      | Killed Erica
  3860 | D:8      | Reached XP level 10. HP: 71/91 MP: 10/10
  4231 | D:9      | Got a scorched hand axe
  4232 | D:9      | Identified the +8 hand axe of Demand {drain, Int+3} (You
                  | found it on level 9 of the Dungeon)
  4236 | D:9      | Reached skill level 10 in Axes
  4265 | D:9      | Noticed Grum
  4275 | D:9      | Killed Grum
  4324 | D:9      | Reached *** piety under Makhleb
  4326 | D:9      | Reached skill level 7 in Invocations
  4425 | D:9      | Found a stormy altar of Qazlal.
  4469 | D:9      | Found a basalt altar of Yredelemnul.
  4537 | D:9      | Noticed Gastronok
  4553 | D:9      | Killed Gastronok
  4553 | D:9      | Reached skill level 8 in Invocations
  4553 | D:9      | Reached XP level 11. HP: 100/100 MP: 11/13
  4892 | D:9      | Noticed an orc knight
  4892 | D:9      | Noticed an orc knight
  4910 | D:9      | Killed an orc knight
  4915 | D:9      | Killed an orc knight
  4985 | D:9      | Noticed an orc knight
  5001 | D:9      | Killed an orc knight
  5028 | D:9      | Reached **** piety under Makhleb
  5185 | D:9      | Found a staircase to the Lair.
  5423 | D:10     | Entered Level 10 of the Dungeon
  5590 | D:10     | Reached skill level 9 in Invocations
  6043 | D:11     | Reached ***** piety under Makhleb
  6084 | D:11     | Found the +7 Singing Sword {vorpal, sonic wave}
  6210 | D:11     | Noticed a five-headed hydra
  6218 | D:11     | Killed an 11-headed hydra
  6218 | D:11     | Reached skill level 1 in Long Blades
  6375 | D:11     | Noticed Harold
  6384 | D:11     | Killed Harold
  6384 | D:11     | Reached XP level 12. HP: 110/110 MP: 15/15
  6510 | D:11     | Noticed an eight-headed hydra
  6516 | D:11     | Killed a ten-headed hydra
  6516 | D:11     | Reached skill level 10 in Armour
  6524 | D:11     | Reached skill level 10 in Invocations
  6602 | D:11     | Reached skill level 10 in Shields
  6922 | D:11     | Found a staircase to the Orcish Mines.
  7016 | D:12     | Reached skill level 5 in Long Blades
  7060 | D:12     | Reached ****** piety under Makhleb
  7111 | D:12     | Found a frozen archway.
  7138 | IceCv    | Entered an ice cave
  7804 | Orc:1    | Entered Level 1 of the Orcish Mines
  7813 | Orc:1    | Noticed a stone giant
  7827 | Orc:1    | Killed a stone giant
  7841 | Orc:1    | Reached XP level 13. HP: 114/121 MP: 17/17
  7856 | Orc:1    | Reached skill level 11 in Invocations
  8209 | Orc:2    | Entered Level 2 of the Orcish Mines
  8285 | Orc:2    | Found a roughly hewn altar of Beogh.
  8718 | Orc:2    | Found Leoto's Antique Weapon Shoppe.
  8718 | Orc:2    | Found Xanodal's Antique Armour Shoppe.
  8720 | Orc:2    | Found Itais's General Store.
  8720 | Orc:2    | Found Hiemups's Jewellery Shop.
  8761 | Orc:2    | Bought a runed cloak for 165 gold pieces
  8975 | Orc:2    | Found Lopudd's Antique Armour Emporium.
  8983 | Orc:2    | Found a staircase to the Elven Halls.
  9135 | Orc:2    | Bought a potion of curing for 39 gold pieces
  9143 | Orc:2    | Bought an uncursed ring of protection from fire for 375
                  | gold pieces
  9315 | Lair:1   | Entered Level 1 of the Lair of Beasts
  9640 | Lair:2   | Found a staircase to the Shoals.
  9645 | Lair:2   | Reached skill level 12 in Invocations
  9988 | Lair:3   | Found a transporter.
 10005 | Lair:3   | Found a transporter.
 10006 | Lair:3   | Noticed Lanoc's ghost (journeyman MfMo)
 10006 | Lair:3   | Identified the cursed +3 trident "Dauco" {antimagic, +Inv}
 10006 | Lair:3   | Identified the +3 trident of Poargh {antimagic, +Inv rC-
                  | rN+}
 10009 | Lair:3   | Found a bloodstained altar of Trog.
 10017 | Lair:3   | You fall into a shaft and drop 1 floor!
 10138 | Lair:3   | Gained mutation: You resist negative energy. (rN+) [Deep
                  | Dwarf growth]
 10138 | Lair:3   | Reached XP level 14. HP: 130/130 MP: 17/17
 10218 | Lair:3   | Found a dark tunnel.
 10227 | Volcano  | Entered a volcano
 10331 | Volcano  | Reached skill level 10 in Fighting
 10707 | Lair:3   | Reached skill level 10 in Long Blades
 10723 | Lair:3   | Found a hole to the Spider Nest.
 11640 | Lair:4   | Noticed Kirke
 11676 | Lair:4   | Killed Kirke
 11928 | Lair:5   | Reached skill level 13 in Invocations
 12427 | Lair:6   | Entered Level 6 of the Lair of Beasts
 12838 | Lair:6   | Found a staircase to the Slime Pits.
 12852 | Lair:6   | Found a viscous altar of Jiyva.
 12864 | Lair:6   | Reached skill level 1 in Evocations
 12943 | Lair:6   | Reached XP level 15. HP: 140/140 MP: 19/19
 13152 | Spider:1 | Entered Level 1 of the Spider Nest
 13695 | Spider:3 | Killed a ghost moth
 13699 | Spider:3 | Noticed Arachne
 13707 | Spider:3 | Reached skill level 14 in Invocations
 13726 | Spider:3 | Reached skill level 5 in Evocations
 13736 | Spider:3 | Killed Arachne
 14018 | Spider:4 | Entered Level 4 of the Spider Nest
 14224 | Spider:4 | Reached XP level 16. HP: 150/150 MP: 20/20
 14463 | Spider:4 | Mangled by an emperor scorpion

Illustrated notes

Levels and vault maps discovered:
D:1:      psy_arrival_radial01, layout_basic, minmay_cut_off
D:2:      layout_basic, nicolae_overflow_hidden_temple
D:3:      layout_rooms, marbit_many_paths,
          chequers_ecumenical_altar_simple_redux, uniq_ijyb, uniq_natasha
D:4:      layout_rooms, makhleb_blood_cavern_becter, nicolae_gozag_seed_capital,
          uniq_crazy_yiuf_cottage
D:5:      layout_basic, okawaru_metal_pillars_1_2, temple_hall,
          kennysheep_windowed_goal
D:6:      layout_rooms, dancing_weapons_uskayaw, minivault_1, uniq_pikel
D:7:      layout_basic, elyvilon_altar_4, kennysheep_vampire_church,
          overflow_temple_1_default, gammafunk_ghost_icy,
          serial_co_window_serial, co_window_paths_b, co_window_corner_a,
          co_window_of_opportunity_a, co_window_paths_b, co_window_corner_a,
          co_window_of_opportunity_b, co_window_broadway_a, co_window_paths_c,
          co_window_2corner, co_window_cross_2, glass_columns_a,
          glass_columns_a, glass_columns_c
D:8:      layout_layer_cave, uniq_erica
D:9:      lemuel_castle_with_subvaults [lemuel_castle_interior_carwin_2],
          layout_irregular_city, nicolae_overflow_crystal_walls,
          lair_entry_dummy, kennysheep_small_circle, uniq_gastronok, uniq_grum
D:10:     layout_rooms, hangedman_decor_riveting
D:11:     old_forge, layout_loops_corners, erik_orc_2, serial_bayou,
          serial_bayou_ford_a, serial_bayou_lake_a, serial_bayou_crossing,
          serial_bayou_pond_e, uniq_harold
D:12:     layout_basic, portal_ice_cave_rime
Lair:1:   beast_lair_carwin_large_4, layout_regular_city, basic_altar,
          small_statue_intersection
Lair:2:   layout_misc_corridors, minmay_shoals_entry_beasts
Lair:3:   layout_chaotic_city, nicolae_spider_entry_non_spiders,
          gammafunk_ghost_wrathful_warriors, lightli_volcano_entry_magma_tube,
          lemuel_fruit_fields, lemuel_fruit_fields, grunt_megastairs_2,
          minmay_lair_oklob_chamber
Lair:4:   layout_misc_corridors, uniq_kirke
Lair:5:   layout_regular_city
Lair:6:   grunt_lair_end_beastmaster, layout_cave_shapes, slime_altar_1
Spider:1: layout_spider_delve
Spider:2: lemuel_spider_zombies
Spider:3: layout_chambers, uniq_arachne
Spider:4: guppyfry_spider_rune
Orc:1:    layout_caves
Orc:2:    st_orc_elflike, layout_diamond_mine, serial_shops, shop_coins,
          mines1_david

Skill      XL: |  1  2  3  4  5  6  7  8  9 10 11 12 13 14 15 16 |
---------------+-------------------------------------------------+-----
Axes           | 3 4 5 6 8 9 11 12 | 12.2
Fighting       | 3 4 5 6 7 8 9 10 11 | 11.7
Armour         | 4 5 6 7 8 9 10 11 12 13 | 13.6
Shields        | 4 5 6 7 8 9 10 11 12 13 | 13.6
Invocations    | 2 4 6 8 9 10 12 13 14 | 14.8
Long Blades    | 2 6 9 11 12 13 | 13.4
Evocations     | 1 5 7 |  7.2

Action                   |  1- 3 |  4- 6 |  7- 9 | 10-12 | 13-15 | 16-18 || total
-------------------------+-------+-------+-------+-------+-------+-------++-------
Melee: War axe           |    89 |   123 |   439 |    28 |       |       ||   679
       Hand axe          |       |       |       |   376 |       |       ||   376
       Double sword      |       |       |       |   243 |   912 |   122 ||  1277
Invok: Lesser Servant of |       |       |       |       |     4 |       ||     4
 Abil: Heal Wounds       |       |     5 |    12 |     2 |    16 |       ||    35
Evoke: Wand              |       |       |       |       |     1 |       ||     1
  Use: Scroll            |       |       |    13 |    10 |     6 |       ||    29
       Potion            |       |       |       |       |     5 |       ||     5
 Stab: Petrified         |       |       |       |       |     4 |       ||     4
       Petrifying        |       |       |       |       |     1 |       ||     1
Armor: Scale mail        |    17 |       |       |       |       |       ||    17
       Plate armour      |    45 |    58 |   247 |   338 |   898 |   258 ||  1844
Dodge: Dodged            |    13 |    18 |    88 |   123 |   336 |    78 ||   656
Block: Kite shield       |    66 |   109 |   402 |   534 |   806 |   161 ||  2078
       Reflection        |       |     1 |     9 |    25 |       |       ||    35
       Rpst.: Double sword |       |       |       |    10 |    65 |    10 ||    85

Table legend: (Time is in decaauts)
 A = Elapsed time spent in this place.
 B = Non-inter-level travel time spent in this place.
 C = Inter-level travel time spent in this place.
 D = Time resting spent in this place.
 E = Time spent auto-exploring this place.
 F = Levels seen in this place.
 G = Mean time per level.
                   A        B        C        D        E       F      G
               +--------+--------+--------+--------+--------+-----+--------+
         Total |  14721 |  13735 |    986 |      0 |   9547 |  26 |  566.2 |
       Dungeon |   7972 |   7349 |    623 |      0 |   5077 |  12 |  664.3 |
          Lair |   3607 |   3434 |    173 |      0 |   2709 |   6 |  601.2 |
   Spider Nest |   1283 |   1260 |     23 |      0 |    771 |   4 |  320.8 |
  Orcish Mines |   1440 |   1274 |    166 |      0 |    841 |   2 |  720.0 |
      Ice Cave |    148 |    148 |      0 |      0 |     28 |   1 |  148.0 |
       Volcano |    268 |    268 |      0 |      0 |    120 |   1 |  268.0 |
               +--------+--------+--------+--------+--------+-----+--------+

Top non-repeatable levels by time:
     D:9: 1227 daAuts
    D:11: 1180 daAuts
   Orc:2: 1023 daAuts
     D:7: 982 daAuts
     D:5: 799 daAuts
  Lair:3: 793 daAuts
     D:4: 746 daAuts
  Lair:4: 734 daAuts
  Lair:5: 725 daAuts
  Lair:6: 674 daAuts
    D:12: 641 daAuts
     D:8: 612 daAuts
  Lair:2: 574 daAuts
    D:10: 560 daAuts
     D:6: 543 daAuts
